 Dungeon Crawl Stone Soup version 0.18-a0-1799-g6250cb2 (webtiles) character file.

124 Ijustatesigmund the Chucker (level 4, 0/44 HPs)
             Began as a Troll Hunter on Apr 23, 2016.
             Succumbed to a worker ant's poison
             ... on level 3 of the Dungeon.
             The game lasted 00:07:20 (1561 turns).

Ijustatesigmund the Chucker (Troll Hunter)          Turns: 1561, Time: 00:07:21

Health: 0/44       AC:  6    Str: 20    XL:     4   Next: 81%
Magic:  3/3        EV: 15    Int:  9    God:
Gold:   108        SH:  0    Dex: 16    Spells: 0 memorised, 3 levels left

rFire  . . .     SeeInvis .       - Unarmed
rCold  . . .     Gourm    +     b - +1 robe
rNeg   . . .     Faith    .     (no shield)
rPois  .         Spirit   .     (helmet restricted)
rElec  .         Dismiss  .     (no cloak)
rCorr  .         Reflect  .     (gloves unavailable)
SustAt .         Harm     .     (boots unavailable)
MR     .....     Rnd*Tele +     (no amulet)
Stlth  +++.......               k - +2 ring of intelligence
                                e - ring of teleportation (curse)

@: agile, lethally poisoned (0 -> -1), exhausted, very slightly contaminated,
hasted and slowed, invisible, not resistant to hostile enchantments, fairly
stealthy
A: unfitting armour, claws 3, fangs 1, fast metabolism 3, gourmand, sense
surroundings 1, regeneration 2, shaggy fur 1, tough skin 2, wild magic 1
a: no special abilities


You were on level 3 of the Dungeon.
You were very full.

You visited 1 branch of the dungeon, and saw 3 of its levels.

You collected 108 gold pieces.

Inventory:

Missiles
 c - 5 large rocks (quivered)
 d - 2 throwing nets
Armour
 b - a +1 robe (worn)
Jewellery
 e - a cursed ring of teleportation (left claw)
 k - a +2 ring of intelligence (right claw)
 n - an uncursed ring of ice
Scrolls
 i - a scroll of recharging
Potions
 a - a potion of flight
 j - a potion of invisibility
Comestibles
 f - 2 bread rations


   Skills:
 + Level 2.7 Fighting
 - Level 3.6 Throwing
 - Level 1.5 Dodging
 - Level 0.4 Stealth
 * Level 3.6 Unarmed Combat


You had 3 spell levels left.
You didn't know any spells.

Dungeon Overview and Level Annotations

Branches:
Dungeon (3/15)

Altars:


Innate Abilities, Weirdness & Mutations

You are too large for most types of armour.
You have claws for hands.
Your metabolism is lightning-fast.
You like to eat raw meat.
You heal very quickly.
You are covered in fur (AC +1).
You have very tough skin (AC +2).
You have very sharp teeth.
You passively map a small area around you.
Your spells are a little harder to cast, but a little more powerful.


Message History

You are exhausted.
You feel yourself slow down.
* * * LOW HITPOINT WARNING * * *
You feel sick.
Drink which item? (? for menu, Esc to quit)
It was a potion of mutation.
You feel extremely strange.
You feel a strange attunement to the structure of the dungeons.
You feel less in control of your magic.
Your teeth lengthen and sharpen.
* * * LOW HITPOINT WARNING * * *
You feel sick.
Drink which item? (? for menu, Esc to quit)
It was a potion of haste.
You feel yourself speed up.
* * * LOW HITPOINT WARNING * * *
You feel sick.
Drink which item? (? for menu, Esc to quit)
It was a potion of agility.
You feel agile all of a sudden.
* * * LOW HITPOINT WARNING * * *
You feel sick.
You die...

,, #.... ### #.### ....*
#.#.. < ,....### #.#.. ,
.......*########## #.#<.
,
.......##........###....
........................
,
......).#........####...
###...)@#........# #...
#...(.#........# #...
#.....########## #...
#?....# #... #.....#
#... #....># #...
#(....# * #....$#


There were no monsters in sight!

Vanquished Creatures
  A worker ant (D:3)
  4 adders
  5 worms
  A dart slug (D:2)
  2 orcs (D:3)
  3 bats
  2 giant cockroaches
  4 hobgoblins (D:1)
  4 jackals (D:2)
  8 kobolds
  3 ball pythons
  2 giant newts (D:2)
  2 goblins (D:2)
  8 rats
49 creatures vanquished.

Notes
Turn   | Place    | Note
--------------------------------------------------------------
     0 | D:1      | Ijustatesigmund the Troll Hunter began the quest for the Orb.
     0 | D:1      | Reached XP level 1. HP: 19/19 MP: 0/0
    84 | D:1      | Reached skill level 1 in Unarmed Combat
   196 | D:1      | Reached XP level 2. HP: 25/27 MP: 1/1
   792 | D:2      | Reached XP level 3. HP: 20/35 MP: 2/2
   951 | D:2      | Reached XP level 4. HP: 9/42 MP: 3/3
  1552 | D:3      | HP: 2/44 [poisoned by a worker ant]
  1557 | D:3      | HP: 1/44 [poisoned by a worker ant]
  1558 | D:3      | Gained mutation: You passively map a small area around you. [potion of mutation]
  1558 | D:3      | Gained mutation: Your spells are a little harder to cast, but a little more powerful. [potion of mutation]
  1558 | D:3      | Gained mutation: You have very sharp teeth. [potion of mutation]
  1561 | D:3      | Succumbed to a worker ant's poison

Vault maps used:
D:1:      onia_arrival_mini_spirals, dk_noncrumbling_4

Skill      XL: |  1  2  3 |
---------------+----------+-----
Unarmed Combat | 1 2 3 |  3.6
Fighting       | 2 |  2.7
Throwing       | |  3.6
Dodging        | |  1.5
Stealth        | |  0.4

Action                   |  1- 3 |  4- 6 || total
-------------------------+-------+-------++-------
Melee: Unarmed           |    99 |    44 ||   143
       Punch             |     2 |     2 ||     4
Throw: Large rock        |     1 |     2 ||     3
  Use: Scroll            |     5 |     3 ||     8
       Potion            |       |     5 ||     5
  Eat: Chunk             |    13 |     5 ||    18
       Pizza             |     1 |       ||     1
Armor: Robe              |    63 |    11 ||    74
Dodge: Dodged            |    69 |    18 ||    87
